 Dungeon Crawl Stone Soup version 0.32-a0-953-g508020473e (webtiles) character file.

Game seed: 526942161703999430

73 DrKenneth the Shield-Bearer (level 4, -1/41 HPs)
             Began as a Minotaur Fighter on Apr 17, 2024.
             Slain by Grinder (8 damage)
             ... on level 3 of the Dungeon.
             The game lasted 00:03:03 (1854 turns).

DrKenneth the Shield-Bearer (Minotaur Fighter)      Turns: 1854, Time: 00:03:04

Health: -1/41      AC:  8    Str: 23    XL:     4   Next: 8%
Magic:  3/3        EV: 13    Int:  5    God:
Gold:   125        SH:  4    Dex:  9    Spells: 3/3 levels left

rFire   . . .        a - +0 war axe
rCold   . . .        c - +0 buckler
rNeg    . . .        b - +0 scale mail
rPois   .            (helmet restricted)
rElec   .            (no cloak)
rCorr   .            (no gloves)
SInv    .            j - +0 pair of boots
Will    .....        (no amulet) Stlth
                     i - +5 ring of evasion
HPRegen 0.26/turn    (no ring)
MPRegen 0.08/turn

%: no passive effects
@: no status effects
A: horns 2, retaliatory headbutt
a: no special abilities


You were on level 3 of the Dungeon.
You visited 1 branch of the dungeon, and saw 3 of its levels.

You collected 125 gold pieces.

Inventory:

Hand Weapons
 a - a +0 war axe (weapon)
Missiles
 t - a throwing net (quivered)
Armour
 b - a +0 scale mail (worn)
 c - a +0 buckler (worn)
 e - a +0 tower shield
 j - a +0 pair of boots (worn)
 n - a scarf of harm
 w - a +0 cloak
Jewellery
 i - a +5 ring of evasion (left hand)
Wands
 m - a wand of iceblast (7)
Scrolls
 f - a scroll of noise {unknown}
 h - a scroll of amnesia {unknown}
 k - a scroll of vulnerability {unknown}
 l - 2 scrolls of identify {unknown}
 p - a scroll of fear {unknown}
 q - a scroll of enchant weapon {unknown}
 s - a scroll of summoning {unknown}
 v - a scroll of teleportation {unknown}
Potions
 d - a potion of might
 g - 2 potions of haste {unknown}
 o - 2 potions of curing {unknown}
 r - 2 potions of lignification {unknown}
 u - a potion of brilliance {unknown}


   Skills:
 + Level 4.3 Fighting
 + Level 3.3 Axes
 + Level 4.3 Armour
 + Level 4.3 Shields


You had 3 spell levels left.
You didn't know any spells.
Your spell library contained the following spells:

 Spells                   Type           Power      Damage    Failure   Level
 Fugue of the Fallen      Necr           0%         N/A       99%         3
 Ozocubu's Armour         Ice            0%         N/A       99%         3
 Manifold Assault         Tloc           0%         N/A       100%        7


Dungeon Overview and Level Annotations

Branches:
Dungeon (3/15)

Altars:

Shops:
D:2 =

Annotations:
D:3 Grinder


Innate Abilities, Weirdness & Mutations

You have a pair of horns on your head.
You reflexively headbutt those who attack you in melee.


Message History

You climb downwards.
Level annotation: Grinder
There is a stone staircase leading up here.
You now have 125 gold pieces (gained 15).
You see here 6 stones.
Grinder is nearby!
You block Grinder's attack.
You see here a +0 short sword.
You closely miss Grinder. Your headbutt misses Grinder.
Grinder is lightly wounded.
You block Grinder's attack.
You closely miss Grinder. You headbutt Grinder, but do no damage.
Grinder is lightly wounded.
Grinder barely misses you.
Grinder says, "You look like you could use a good racking."
Grinder gestures at you. Pain shoots through your body!
You hit Grinder.
Grinder is lightly wounded.
Grinder says, "I used to sell toenails on the black market."
Grinder gestures at you. You resist with significant effort.
You slash Grinder! Your headbutt misses Grinder.
Grinder is heavily wounded.
Grinder completely misses you.
You hit Grinder.
Grinder is heavily wounded.
Grinder hits you!
You writhe in agony.
Grinder hits you!
* * * LOW HITPOINT WARNING * * *
You slash Grinder! Your headbutt misses Grinder.
Grinder is severely wounded.
Grinder gestures at you.
You suddenly lose the ability to move!
Grinder hits you but does no damage.
You can move again.
You hit Grinder.
Grinder is severely wounded.
Grinder hits you!
You die...
Grinder says, "Hey, I wasn't done torturing you yet!"

..# #.# #.# #.#
#####.## ......
###
##..###.....
#5#......#
.######@###.###
.......(.# #
.#####...##
###...<.#
#.......#
#..........#
#..##...####
..... ##.##
.#.. #.#


You could see Grinder.

Vanquished Creatures
  An orc priest (D:2)
  An adder (D:2)
  A dart slug (D:1)
  2 ribbon worms (D:2)
  2 orcs (D:2)
  5 bats
  2 endoplasms
  3 giant cockroaches (D:2)
  2 goblins (D:1)
  A hobgoblin (D:2)
  2 kobolds
  A ball python (D:1)
  5 rats
28 creatures vanquished.

Notes
Turn   | Place    | Note
-------+----------+-------------------------------------------
     0 | D:1      | DrKenneth the Minotaur Fighter began the quest for the Orb.
     0 | D:1      | Reached XP level 1. HP: 19/19 MP: 0/0
    34 | D:1      | Found a faded altar of an unknown god.
   290 | D:1      | Reached XP level 2. HP: 27/27 MP: 1/1
  1076 | D:2      | Reached XP level 3. HP: 33/33 MP: 2/2
  1188 | D:2      | Reached XP level 4. HP: 39/40 MP: 3/3
  1607 | D:2      | Found Piried's Jewellery Shop.
  1713 | D:3      | Noticed Grinder
  1852 | D:3      | Paralysed by Grinder for 2 turns
  1854 | D:3      | Slain by Grinder

Illustrated notes

Levels and vault maps discovered:
D:1:      minmay_arrival_plants_in_alcoves, layout_basic,
          shapermc_ecumenical_altar_mp_urbaneastern, serial_bayou_pond_d
D:2:      layout_loops_ring, serial_shops, shop, kennysheep_small_spiral,
          kennysheep_generic_room_7
D:3:      layout_loops_ring, chequers_avenue, minmay_rat_hole, uniq_grinder

Skill      XL: |  1  2 |
---------------+-------+-----
Fighting       | 4 |  4.3
Armour         | 4 |  4.3
Shields        | 4 |  4.3
Axes           | 3 |  3.3

Action                     |  1- 3 |  4- 6 || total
---------------------------+-------+-------++-------
  Melee: War axe           |    51 |    17 ||    68
         Headbutt          |    10 |     2 ||    12
 Armour: Scale mail        |    32 |     8 ||    40
  Dodge: Dodged            |    35 |    11 ||    46
  Block: Buckler           |     9 |     8 ||    17

Table legend: (Time is in decaauts)
 A = Elapsed time spent in this place.
 B = Non-inter-level travel time spent in this place.
 C = Inter-level travel time spent in this place.
 D = Time resting spent in this place.
 E = Time spent auto-exploring this place.
 F = Levels seen in this place.
 G = Mean time per level.
                   A        B        C        D        E       F      G
               +--------+--------+--------+--------+--------+-----+--------+
         Total |   1882 |   1751 |    131 |    105 |   1410 |   3 |  627.3 |
       Dungeon |   1882 |   1751 |    131 |    105 |   1410 |   3 |  627.3 |
               +--------+--------+--------+--------+--------+-----+--------+

Top non-repeatable levels by time:
     D:2: 1046 daAuts
     D:1: 793 daAuts
     D:3: 42 daAuts
